Panthers vs Rangers
(R2)
Created - 15 février 2017 at 23:55
Goals
|
| Panthers |
2 |
1 |
1 |
4 |
| Rangers |
0 |
2 |
0 |
2 |
|
Shots
|
| Panthers |
6 |
15 |
10 |
31 |
| Rangers |
11 |
16 |
1 |
28 |
|
1st period
1. Panthers , Mike Fisher 7 (Ryan Bayda, Matt Halischuk) at 2:03
2. Panthers , Mike Fisher 8 (Ryan Bayda, Sidney Crosby) at 11:41
Penalties :
Jakob Silfverberg (NYR) for Fighting (Major) at 2:41, Mike Fisher (Flo) for Fighting (Major) at 2:41, Sidney Crosby (Flo) for Hooking (Minor) at 14:49, Bryan Young (NYR) for Holding Stick (Minor) at 17:57
2nd period
3. Panthers , Guillaume Latendresse 24 (Sidney Crosby) at 7:17 (SH)
4. Rangers , Valtteri Filppula 5 (Mike Cammalleri, Ryan Suter) at 12:48
5. Rangers , Mike Cammalleri 5 (Matt Greene, Jakob Silfverberg) at 14:13 (PP)
Penalties :
Peter Prucha (Flo) for Hooking (Minor) at 5:36, Bryan Young (NYR) for High sticking (Minor) at 10:17, Sidney Crosby (Flo) for Diving (Minor) at 13:10, Darren Reid (NYR) for Holding (Minor) at 17:22
3rd period
6. Panthers , Guillaume Latendresse 25 (Sidney Crosby) at 18:06
Penalties :
Gustav Nyquist (NYR) for Roughing (Minor) at 1:29, Artem Anisimov (NYR) for Interference (Minor) at 4:32, Nick Schultz (Flo) for Roughing (Minor) at 8:53, Mark Fistric (NYR) for Hooking (Minor) at 15:21
Goalie Stats
Antti Niemi (Flo), 26 saves from 28 shots - (0,929), W, 16-12-4, 60:00 minutes
Henrik Lundqvist (NYR), 27 saves from 31 shots - (0,871), L, 16-10-1, 60:00 minutes
Players Stats for Panthers
Player Name G A P +/- PIM S H SB GA TA FO MP PP MP PK MP
------------------------------------------------------------------------------------
Alexander Perezhogin 0 0 0 0 0 1 1 1 1 0 0/0 11:23 0:07 0:00
Guillaume Latendresse 2 0 2 2 0 4 3 0 0 1 1/2 24:22 6:28 4:19
Jeff Tambellini 0 0 0 0 0 3 2 0 0 0 1/1 12:37 0:17 1:04
Keith Aulie 0 0 0 1 0 2 5 1 1 0 0/0 20:59 5:01 2:48
Keith Ballard 0 0 0 0 0 0 2 0 0 0 0/0 11:30 0:00 0:00
Marian Hossa 0 0 0 1 0 3 2 0 0 0 1/2 19:59 6:32 0:00
Matt Halischuk 0 1 1 1 0 1 0 0 1 0 0/0 6:31 0:00 0:00
Matthew Spiller 0 0 0 2 0 0 1 0 1 1 0/0 22:45 5:01 4:12
Mike Fisher 2 0 2 1 5 3 2 0 1 0 3/3 6:46 0:00 1:04
Nick Schultz 0 0 0 0 2 0 0 0 0 0 0/0 11:30 0:00 0:00
Oliver Ekman-Larsson 0 0 0 1 0 1 3 4 1 0 0/0 25:45 6:53 2:48
Peter Prucha 0 0 0 0 2 3 2 0 0 0 0/0 15:05 5:09 0:00
Ryan Bayda 0 2 2 1 0 0 1 1 1 0 3/5 9:03 0:23 2:04
Scott Gomez 0 0 0 0 0 2 3 1 1 0 5/11 17:27 5:09 1:43
Sergei Samsonov 0 0 0 0 0 0 0 0 0 0 0/0 16:25 5:09 1:23
Shawn Horcoff 0 0 0 0 0 2 0 0 2 0 3/6 11:02 0:00 0:00
Sidney Crosby 0 3 3 2 4 5 0 1 2 0 15/28 22:15 6:28 2:23
Steve Montador 0 0 0 2 0 1 2 1 0 2 0/0 27:31 6:53 4:12
Players Stats for Rangers
Player Name G A P +/- PIM S H SB GA TA FO MP PP MP PK MP
------------------------------------------------------------------------------------
Artem Anisimov 0 0 0 0 2 0 1 0 0 0 1/2 8:12 0:00 0:00
Bryan Young 0 0 0 0 4 0 0 0 1 0 0/0 12:45 0:00 1:20
Cam Barker 0 0 0 -2 0 0 2 1 0 2 0/0 28:29 4:10 7:34
Chris Bourque 0 0 0 -2 0 0 1 0 0 1 5/9 14:24 0:00 6:26
Darren Reid 0 0 0 -2 2 1 1 0 0 0 1/1 18:06 3:40 0:00
Gustav Nyquist 0 0 0 0 2 1 1 1 0 0 0/0 8:11 0:00 0:00
Jakob Silfverberg 0 1 1 0 5 1 1 0 1 0 0/0 12:36 3:20 0:00
Mark Fistric 0 0 0 -2 2 3 1 0 1 0 0/0 27:15 4:10 6:14
Matt Greene 0 1 1 0 0 0 0 1 0 4 0/0 20:39 2:50 4:20
Matt Read 0 0 0 -4 0 0 0 0 0 0 1/1 14:06 1:23 0:00
Mike Cammalleri 1 1 2 1 0 6 4 0 0 1 1/2 18:17 3:20 3:11
Milan Lucic 0 0 0 0 0 4 1 0 1 0 2/3 10:30 1:50 0:56
Nick Foligno 0 0 0 0 0 1 0 0 0 0 0/0 8:12 0:00 0:00
Patrice Bergeron 0 0 0 -2 0 2 0 2 0 0 11/26 24:01 3:40 6:50
Ryan Suter 0 1 1 0 0 1 2 0 0 2 0/0 20:39 2:50 4:20
Staffan Kronwall 0 0 0 -1 0 0 1 0 0 0 0/0 10:52 0:00 0:00
Stephen Weiss 0 0 0 0 0 2 2 1 0 1 2/9 19:58 3:20 4:50
Valtteri Filppula 1 0 1 -1 0 6 1 0 0 1 2/5 10:47 0:27 1:35
3 Stars
1 - Guillaume Latendresse (Flo)
2 - Mike Cammalleri (NYR)
3 - Mike Fisher (Flo)
Power Play
Panthers - 0 on 6 Attempt(s) - 0,00%
Rangers - 1 on 4 Attempt(s) - 25,00%
Penalty Kill
Panthers - 3 on 4 Attempt(s) - 75,00%
- Score 1 goal in Penalty Kill
Rangers - 6 on 6 Attempt(s) - 100,00%
- Score 0 goal in Penalty Kill
Team Stat
Panthers - Hits : 29 - Faceoff Wins : 32 - Blocked Shots : 10 - Penalty Minutes : 13
Rangers - Hits : 19 - Faceoff Wins : 26 - Blocked Shots : 6 - Penalty Minutes : 17
Official
Referees : Rooney Chris and Watson Brad
Linesman : Jonny Murray and Brian Murphy
Game Notes
Jakob Silfverberg and Mike Fisher fight to a draw at 2:41 of 1st period
5:33 of 2nd period - Rangers goal is going for a video replay. After video review, No Goal. The puck has been directed, batted or thrown into the net by an attacking player other than with a stick.
Milan Lucic is injured at 7:09 of 2nd period (Sprained Right Finger)
14:13 of 2nd period - Rangers goal is going for a video replay. After video review, Goal.
Finance
Level 1 -- Attendance: 4429 (73,82%) -- Ticket Income 398 610 $
Level 2 -- Attendance: 4219 (84,38%) -- Ticket Income 232 045 $
Level 3 -- Attendance: 2000 (100,00%) -- Ticket Income 60 000 $
Level 4 -- Attendance: 4000 (100,00%) -- Ticket Income 80 000 $
Luxury Box -- Attendance: 811 (81,10%) -- Ticket Income 141 925 $
Game was played at the Madison Square Garden.
Total Attendance: 15459 (85,88%)
Total Ticket Income: 912 580 $
Other Income: 136 887 $
Total Income: 1 049 467 $
Panthers
5 vs 5 Forward
Center Left Wing Right Wing Time % Phy DF OF
1 Sidney Crosby Guillaume Latendresse Marian Hossa 40 0 2 3
2 Scott Gomez Sergei Samsonov Peter Prucha 30 0 2 3
3 Shawn Horcoff Jeff Tambellini Alexander Perezhogin 20 1 2 2
4 Mike Fisher Ryan Bayda Matt Halischuk 10 1 2 2
5 vs 5 Defense
Defense Defense Time % Phy DF OF
1 Steve Montador Oliver Ekman-Larsson 40 0 2 3
2 Matthew Spiller Keith Aulie 30 1 2 2
3 Keith Ballard Nick Schultz 20 1 2 2
4 Steve Montador Oliver Ekman-Larsson 10 0 2 3
PowerPlay Forward
Center Left Wing Right Wing Time % Phy DF OF
1 Sidney Crosby Guillaume Latendresse Marian Hossa 60 1 0 4
2 Scott Gomez Sergei Samsonov Peter Prucha 40 1 0 4
PowerPlay Defense
Defense Defense Time % Phy DF OF
1 Steve Montador Oliver Ekman-Larsson 60 1 1 3
2 Matthew Spiller Keith Aulie 40 1 1 3
Penalty Kill 4 Players Forward
Center Wing Time % Phy DF OF
1 Sidney Crosby Guillaume Latendresse 60 1 3 1
2 Scott Gomez Sergei Samsonov 40 1 3 1
Penalty Kill 4 Players Defense
Defense Defense Time % Phy DF OF
1 Steve Montador Matthew Spiller 60 1 4 0
2 Keith Aulie Oliver Ekman-Larsson 40 1 3 1
Penalty Kill - 3 Players Forward
Forward Time % Phy DF OF
1 Scott Gomez 60 1 3 1
2 Sidney Crosby 40 1 3 1
Penalty Kill - 3 Players Defense
Defense Defense Time % Phy DF OF
1 Steve Montador Matthew Spiller 60 1 3 1
2 Keith Aulie Oliver Ekman-Larsson 40 1 3 1
4 vs 4 Forward
Center Wing Time % Phy DF OF
1 Sidney Crosby Guillaume Latendresse 60 0 2 3
2 Scott Gomez Marian Hossa 40 0 2 3
4 vs 4 Defense
Defense Defense Time % Phy DF OF
1 Steve Montador Oliver Ekman-Larsson 60 0 2 3
2 Matthew Spiller Keith Aulie 40 1 2 2
Last Minutes Offensive
Center Left Wing Right Wing Defense Defense
Sidney Crosby Guillaume Latendresse Peter Prucha Steve Montador Oliver Ekman-Larsson
Last Minutes Defensive
Center Left Wing Right Wing Defense Defense
Scott Gomez Guillaume Latendresse Marian Hossa Matthew Spiller Steve Montador
Goaltenders
Starting : Antti Niemi
Backup : Keith Kinkaid
Extra Forwards
Normal : Scott Gomez, Guillaume Latendresse, Marian Hossa - PP : Scott Gomez, Ryan Bayda - PK : Ryan Bayda
Extra Defensemen
Normal : Keith Aulie, Steve Montador, Oliver Ekman-Larsson - PP : Nick Schultz - PK : Oliver Ekman-Larsson, Steve Montador
Penalty Shots
Sidney Crosby, Sergei Samsonov, Peter Prucha, Marian Hossa, Jeff Tambellini
Rangers
5 vs 5 Forward
Center Left Wing Right Wing Time % Phy DF OF
1 Patrice Bergeron Milan Lucic Darren Reid 40 1 2 2
2 Stephen Weiss Mike Cammalleri Jakob Silfverberg 30 1 2 2
3 Valtteri Filppula Chris Bourque Matt Read 20 1 2 2
4 Artem Anisimov Nick Foligno Gustav Nyquist 10 1 2 2
5 vs 5 Defense
Defense Defense Time % Phy DF OF
1 Cam Barker Mark Fistric 40 1 2 2
2 Matt Greene Ryan Suter 30 1 2 2
3 Staffan Kronwall Bryan Young 20 1 2 2
4 Cam Barker Mark Fistric 10 1 2 2
PowerPlay Forward
Center Left Wing Right Wing Time % Phy DF OF
1 Patrice Bergeron Milan Lucic Darren Reid 60 1 2 2
2 Stephen Weiss Mike Cammalleri Jakob Silfverberg 40 1 2 2
PowerPlay Defense
Defense Defense Time % Phy DF OF
1 Cam Barker Mark Fistric 60 1 2 2
2 Matt Greene Ryan Suter 40 1 2 2
Penalty Kill 4 Players Forward
Center Wing Time % Phy DF OF
1 Milan Lucic Patrice Bergeron 60 1 2 2
2 Stephen Weiss Mike Cammalleri 40 1 2 2
Penalty Kill 4 Players Defense
Defense Defense Time % Phy DF OF
1 Cam Barker Mark Fistric 60 1 2 2
2 Matt Greene Ryan Suter 40 1 2 2
Penalty Kill - 3 Players Forward
Forward Time % Phy DF OF
1 Milan Lucic 60 1 2 2
2 Patrice Bergeron 40 1 2 2
Penalty Kill - 3 Players Defense
Defense Defense Time % Phy DF OF
1 Cam Barker Mark Fistric 60 1 2 2
2 Matt Greene Ryan Suter 40 1 2 2
4 vs 4 Forward
Center Wing Time % Phy DF OF
1 Milan Lucic Patrice Bergeron 60 1 2 2
2 Stephen Weiss Mike Cammalleri 40 1 2 2
4 vs 4 Defense
Defense Defense Time % Phy DF OF
1 Cam Barker Mark Fistric 60 1 2 2
2 Matt Greene Ryan Suter 40 1 2 2
Last Minutes Offensive
Center Left Wing Right Wing Defense Defense
Patrice Bergeron Milan Lucic Darren Reid Cam Barker Mark Fistric
Last Minutes Defensive
Center Left Wing Right Wing Defense Defense
Patrice Bergeron Milan Lucic Darren Reid Cam Barker Mark Fistric
Goaltenders
Starting : Henrik Lundqvist
Backup : Hannu Toivonen
Extra Forwards
Normal : Matt Read, Valtteri Filppula, Chris Bourque - PP : Matt Read, Valtteri Filppula - PK : Chris Bourque
Extra Defensemen
Normal : Staffan Kronwall, Bryan Young, Matt Greene - PP : Staffan Kronwall - PK : Bryan Young, Matt Greene
Penalty Shots
Milan Lucic, Patrice Bergeron, Stephen Weiss, Mike Cammalleri, Darren Reid
% Time on Ice - Panthers
Lines # - Real PCT - Wanted PCT - Time Play
Normal Forward
1 - 33% - 40% - 13:40
2 - 24% - 30% - 9:53
3 - 27% - 20% - 11:02
4 - 16% - 10% - 6:31
Normal Defense
1 - 37% - 40% - 15:11
2 - 32% - 30% - 13:10
3 - 28% - 20% - 11:30
4 - 3% - 10% - 1:15
PP Forward
1 - 57% - 60% - 6:45
2 - 43% - 40% - 5:09
PP Defense
1 - 58% - 60% - 6:53
2 - 42% - 40% - 5:01
PK Forward
1 - 80% - 60% - 5:37
2 - 20% - 40% - 1:23
PK Defense
1 - 60% - 60% - 4:12
2 - 40% - 40% - 2:48
PK3 Forward
1 - 0% - 60%
2 - 0% - 40%
PK3 Defense
1 - 0% - 60%
2 - 0% - 40%
44 Forward
1 - 0% - 60%
2 - 0% - 40%
44 Defense
1 - 0% - 60%
2 - 0% - 40%
Last Minute Offensive - 0:00
Last Minute Defensive - 0:00
Total
Forward - 60:00
Defense - 60:00
|
% Time on Ice - Rangers
Lines # - Real PCT - Wanted PCT - Time Play
Normal Forward
1 - 35% - 40% - 14:14
2 - 29% - 30% - 11:50
3 - 17% - 20% - 6:50
4 - 20% - 10% - 8:12
Normal Defense
1 - 38% - 40% - 15:26
2 - 33% - 30% - 13:29
3 - 26% - 20% - 10:52
4 - 3% - 10% - 1:19
PP Forward
1 - 52% - 60% - 3:40
2 - 48% - 40% - 3:20
PP Defense
1 - 60% - 60% - 4:10
2 - 40% - 40% - 2:50
PK Forward
1 - 88% - 60% - 10:28
2 - 12% - 40% - 1:26
PK Defense
1 - 64% - 60% - 7:34
2 - 36% - 40% - 4:20
PK3 Forward
1 - 0% - 60%
2 - 0% - 40%
PK3 Defense
1 - 0% - 60%
2 - 0% - 40%
44 Forward
1 - 0% - 60%
2 - 0% - 40%
44 Defense
1 - 0% - 60%
2 - 0% - 40%
Last Minute Offensive - 0:00
Last Minute Defensive - 0:00
Total
Forward - 60:00
Defense - 60:00
|
Play by Play
1st period
0:01 of 1st period - Patrice Bergeron wins face-off versus Sidney Crosby in neutral zone.
0:10 of 1st period - Snap shot by Patrice Bergeron.
0:10 of 1st period - Shot Misses the Net.
0:12 of 1st period - Wrist shot by Milan Lucic.
0:12 of 1st period - Stopped by Antti Niemi with a rebound.
0:16 of 1st period - Snap shot by Patrice Bergeron.
0:16 of 1st period - Shot Misses the Net.
0:26 of 1st period - Steve Montador is hit by Mike Cammalleri and loses puck.
0:31 of 1st period - Backhand shot by Stephen Weiss.
0:31 of 1st period - Deflect By Mike Cammalleri.
0:31 of 1st period - Stopped by Antti Niemi without a rebound.
0:32 of 1st period - Shawn Horcoff wins face-off versus Valtteri Filppula in Panthers zone.
0:32 of 1st period - Shawn Horcoff is hit by Ryan Suter.
0:58 of 1st period - Matt Greene is hit by Keith Aulie and loses puck.
1:17 of 1st period - Jakob Silfverberg is hit by Guillaume Latendresse and loses puck.
1:24 of 1st period - Keith Aulie is hit by Stephen Weiss and loses puck.
2:03 of 1st period - Wrist shot by Mike Fisher.
2:03 of 1st period - Goal by Mike Fisher - Panthers : 1 - Rangers : 0.
2:04 of 1st period - Patrice Bergeron wins face-off versus Scott Gomez in neutral zone.
2:34 of 1st period - Off-side.
2:35 of 1st period - Mike Fisher wins face-off versus Stephen Weiss in neutral zone.
2:41 of 1st period - Jakob Silfverberg and Mike Fisher fight to a draw.
2:41 of 1st period - Penalty to Jakob Silfverberg for Fighting.
2:41 of 1st period - Penalty to Mike Fisher for Fighting.
2:42 of 1st period - Marian Hossa wins face-off versus Patrice Bergeron in neutral zone.
2:51 of 1st period - Darren Reid is hit by Guillaume Latendresse and loses puck.
3:19 of 1st period - Wrist shot by Gustav Nyquist.
3:19 of 1st period - Stopped by Antti Niemi with a rebound.
3:31 of 1st period - Slapshot by Peter Prucha.
3:31 of 1st period - Stopped by Henrik Lundqvist with a rebound.
4:15 of 1st period - Slapshot by Valtteri Filppula.
4:15 of 1st period - Shot Blocked by Oliver Ekman-Larsson.
4:17 of 1st period - Snap shot by Cam Barker.
4:17 of 1st period - Shot Misses the Net.
4:19 of 1st period - Snap shot by Mark Fistric.
4:19 of 1st period - Stopped by Antti Niemi without a rebound.
4:20 of 1st period - Jeff Tambellini wins face-off versus Stephen Weiss in Panthers zone.
4:25 of 1st period - Snap shot by Shawn Horcoff.
4:25 of 1st period - Shot Misses the Net.
5:34 of 1st period - Wrist shot by Alexander Perezhogin.
5:34 of 1st period - Deflect By Mike Cammalleri.
5:34 of 1st period - Shot Misses the Net.
5:34 of 1st period - Puck is out of play.
5:35 of 1st period - Sidney Crosby wins face-off versus Patrice Bergeron in Rangers zone.
5:38 of 1st period - Snap shot by Sidney Crosby.
5:38 of 1st period - Stopped by Henrik Lundqvist with a rebound.
5:50 of 1st period - Snap shot by Marian Hossa.
5:50 of 1st period - Deflect By Sidney Crosby.
5:50 of 1st period - Stopped by Henrik Lundqvist with a rebound.
6:10 of 1st period - Mark Fistric is hit by Peter Prucha and loses puck.
6:57 of 1st period - Nick Foligno is hit by Peter Prucha and loses puck.
8:03 of 1st period - Sergei Samsonov is hit by Staffan Kronwall and loses puck.
8:30 of 1st period - Matt Greene is hit by Marian Hossa and loses puck.
8:43 of 1st period - Staffan Kronwall is hit by Oliver Ekman-Larsson and loses puck.
9:01 of 1st period - Nick Foligno is hit by Scott Gomez.
9:20 of 1st period - Off-side.
9:21 of 1st period - Mike Fisher wins face-off versus Valtteri Filppula in neutral zone.
9:46 of 1st period - Mark Fistric is hit by Keith Aulie and loses puck.
9:50 of 1st period - Valtteri Filppula is hit by Jeff Tambellini and loses puck.
10:03 of 1st period - Wrist shot by Valtteri Filppula.
10:03 of 1st period - Shot Misses the Net.
10:05 of 1st period - Wrist shot by Valtteri Filppula.
10:05 of 1st period - Stopped by Antti Niemi without a rebound.
10:06 of 1st period - Patrice Bergeron wins face-off versus Sidney Crosby in Panthers zone.
10:33 of 1st period - Snap shot by Scott Gomez.
10:33 of 1st period - Stopped by Henrik Lundqvist with a rebound.
11:18 of 1st period - Marian Hossa is hit by Darren Reid and loses puck.
11:41 of 1st period - Wrist shot by Mike Fisher.
11:41 of 1st period - Goal by Mike Fisher - Panthers : 2 - Rangers : 0.
11:42 of 1st period - Patrice Bergeron wins face-off versus Sidney Crosby in neutral zone.
12:28 of 1st period - Slapshot by Valtteri Filppula.
12:28 of 1st period - Stopped by Antti Niemi without a rebound.
12:29 of 1st period - Valtteri Filppula wins face-off versus Shawn Horcoff in Panthers zone.
12:38 of 1st period - Wrist shot by Shawn Horcoff.
12:38 of 1st period - Shot Misses the Net.
12:54 of 1st period - Oliver Ekman-Larsson is hit by Milan Lucic and loses puck.
13:34 of 1st period - Icing by Keith Ballard.
13:35 of 1st period - Shawn Horcoff wins face-off versus Artem Anisimov in Panthers zone.
13:35 of 1st period - Shawn Horcoff is hit by Gustav Nyquist.
13:46 of 1st period - Wrist shot by Gustav Nyquist.
13:46 of 1st period - Shot Misses the Net.
13:48 of 1st period - Slapshot by Mark Fistric.
13:48 of 1st period - Stopped by Antti Niemi without a rebound.
13:49 of 1st period - Patrice Bergeron wins face-off versus Marian Hossa in Panthers zone.
13:58 of 1st period - Wrist shot by Milan Lucic.
13:58 of 1st period - Stopped by Antti Niemi without a rebound.
13:59 of 1st period - Sidney Crosby wins face-off versus Patrice Bergeron in Panthers zone.
14:14 of 1st period - Wrist shot by Darren Reid.
14:14 of 1st period - Shot Misses the Net.
14:20 of 1st period - Wrist shot by Milan Lucic.
14:20 of 1st period - Shot Misses the Net.
14:26 of 1st period - Slapshot by Milan Lucic.
14:26 of 1st period - Stopped by Antti Niemi with a rebound.
14:38 of 1st period - Snap shot by Patrice Bergeron.
14:38 of 1st period - Stopped by Antti Niemi with a rebound.
14:40 of 1st period - Wrist shot by Darren Reid.
14:40 of 1st period - Shot Blocked by Sidney Crosby.
14:49 of 1st period - Minor Penalty to Sidney Crosby for Hooking.
14:50 of 1st period - Mike Cammalleri wins face-off versus Ryan Bayda in Panthers zone.
14:52 of 1st period - Snap shot by Mike Cammalleri.
14:52 of 1st period - Stopped by Antti Niemi without a rebound.
14:53 of 1st period - Stephen Weiss wins face-off versus Ryan Bayda in Panthers zone.
14:58 of 1st period - Wrist shot by Mike Cammalleri.
14:58 of 1st period - Shot Misses the Net.
15:00 of 1st period - Wrist shot by Ryan Suter.
15:00 of 1st period - Shot Blocked by Ryan Bayda.
15:02 of 1st period - Snap shot by Stephen Weiss.
15:02 of 1st period - Deflect By Jakob Silfverberg.
15:02 of 1st period - Shot Blocked by Steve Montador.
15:02 of 1st period - Puck is out of play.
15:03 of 1st period - Ryan Bayda wins face-off versus Patrice Bergeron in Panthers zone.
15:30 of 1st period - Mike Fisher is hit by Mark Fistric and loses puck.
16:49 of 1st period - Penalty to Sidney Crosby is over, Sidney Crosby is back on ice.
17:11 of 1st period - Sidney Crosby is hit by Ryan Suter and loses puck.
17:29 of 1st period - Staffan Kronwall is hit by Keith Ballard and loses puck.
17:57 of 1st period - Minor Penalty to Bryan Young for Holding Stick.
17:58 of 1st period - Milan Lucic wins face-off versus Sidney Crosby in Rangers zone.
17:58 of 1st period - Milan Lucic is hit by Keith Aulie.
18:12 of 1st period - Snap shot by Marian Hossa.
18:12 of 1st period - Shot Misses the Net.
19:49 of 1st period - Oliver Ekman-Larsson is hit by Chris Bourque and loses puck.
19:57 of 1st period - Penalty to Bryan Young is over, Bryan Young is back on ice.
Goals for this period are 2 for Panthers vs 0 for Rangers.
Shots for this period are 6 for Panthers vs 11 for Rangers.
2nd period
0:01 of 2nd period - Patrice Bergeron wins face-off versus Sidney Crosby in neutral zone.
0:26 of 2nd period - Sergei Samsonov is hit by Valtteri Filppula and loses puck.
0:37 of 2nd period - Snap shot by Chris Bourque.
0:37 of 2nd period - Shot Blocked by Scott Gomez.
0:39 of 2nd period - Wrist shot by Valtteri Filppula.
0:39 of 2nd period - Stopped by Antti Niemi without a rebound.
0:40 of 2nd period - Shawn Horcoff wins face-off versus Milan Lucic in Panthers zone.
0:49 of 2nd period - Wrist shot by Jeff Tambellini.
0:49 of 2nd period - Shot Misses the Net.
1:22 of 2nd period - Guillaume Latendresse is hit by Mike Cammalleri.
1:32 of 2nd period - Guillaume Latendresse is hit by Artem Anisimov and loses puck.
1:47 of 2nd period - Snap shot by Marian Hossa.
1:47 of 2nd period - Deflect By Sidney Crosby.
1:47 of 2nd period - Stopped by Henrik Lundqvist with a rebound.
1:59 of 2nd period - Snap shot by Sidney Crosby.
1:59 of 2nd period - Shot Misses the Net.
2:05 of 2nd period - Wrist shot by Marian Hossa.
2:05 of 2nd period - Stopped by Henrik Lundqvist without a rebound.
2:06 of 2nd period - Patrice Bergeron wins face-off versus Scott Gomez in Rangers zone.
2:56 of 2nd period - Snap shot by Mike Fisher.
2:56 of 2nd period - Deflect By Matt Halischuk.
2:56 of 2nd period - Stopped by Henrik Lundqvist without a rebound.
2:57 of 2nd period - Mike Fisher wins face-off versus Valtteri Filppula in Rangers zone.
3:27 of 2nd period - Slapshot by Milan Lucic.
3:27 of 2nd period - Stopped by Antti Niemi with a rebound.
3:29 of 2nd period - Wrist shot by Patrice Bergeron.
3:29 of 2nd period - Shot Blocked by Oliver Ekman-Larsson.
3:31 of 2nd period - Slapshot by Bryan Young.
3:31 of 2nd period - Shot Blocked by Oliver Ekman-Larsson.
4:00 of 2nd period - Off-side.
4:01 of 2nd period - Artem Anisimov wins face-off versus Shawn Horcoff in neutral zone.
4:12 of 2nd period - Backhand shot by Nick Foligno.
4:12 of 2nd period - Stopped by Antti Niemi without a rebound.
4:13 of 2nd period - Milan Lucic wins face-off versus Scott Gomez in Panthers zone.
4:45 of 2nd period - Wrist shot by Stephen Weiss.
4:45 of 2nd period - Stopped by Antti Niemi without a rebound.
4:46 of 2nd period - Sidney Crosby wins face-off versus Patrice Bergeron in Panthers zone.
4:48 of 2nd period - Icing by Marian Hossa.
4:49 of 2nd period - Patrice Bergeron wins face-off versus Sidney Crosby in Panthers zone.
5:17 of 2nd period - Off-side.
5:18 of 2nd period - Stephen Weiss wins face-off versus Scott Gomez in neutral zone.
5:23 of 2nd period - Snap shot by Stephen Weiss.
5:23 of 2nd period - Stopped by Antti Niemi without a rebound.
5:24 of 2nd period - Patrice Bergeron wins face-off versus Scott Gomez in Panthers zone.
5:31 of 2nd period - Slapshot by Patrice Bergeron.
5:31 of 2nd period - Shot Misses the Net.
5:33 of 2nd period - Snap shot by Darren Reid.
5:33 of 2nd period - Rangers goal is going for a video replay.
5:33 of 2nd period - The goal is refused. The puck has been directed, batted or thrown into the net by an attacking player other than with a stick..
5:34 of 2nd period - Scott Gomez wins face-off versus Patrice Bergeron in Panthers zone.
5:36 of 2nd period - Minor Penalty to Peter Prucha for Hooking.
5:37 of 2nd period - Sidney Crosby wins face-off versus Patrice Bergeron in Panthers zone.
7:08 of 2nd period - Milan Lucic is hit by Matthew Spiller.
7:09 of 2nd period - Milan Lucic from Rangers is injured at 7:09 of 2nd period (Sprained Right Finger).
7:10 of 2nd period - Sidney Crosby wins face-off versus Patrice Bergeron in Rangers zone.
7:17 of 2nd period - Wrist shot by Guillaume Latendresse.
7:17 of 2nd period - Goal by Guillaume Latendresse - Panthers : 3 - Rangers : 0.
7:18 of 2nd period - Sidney Crosby wins face-off versus Patrice Bergeron in neutral zone.
7:21 of 2nd period - Cam Barker is hit by Steve Montador and loses puck.
7:36 of 2nd period - Penalty to Peter Prucha is over, Peter Prucha is back on ice.
7:56 of 2nd period - Wrist shot by Jeff Tambellini.
7:56 of 2nd period - Stopped by Henrik Lundqvist with a rebound.
8:11 of 2nd period - Snap shot by Mark Fistric.
8:11 of 2nd period - Stopped by Antti Niemi without a rebound.
8:12 of 2nd period - Sidney Crosby wins face-off versus Patrice Bergeron in Panthers zone.
9:01 of 2nd period - Staffan Kronwall is hit by Steve Montador and loses puck.
9:34 of 2nd period - Snap shot by Shawn Horcoff.
9:34 of 2nd period - Stopped by Henrik Lundqvist with a rebound.
9:36 of 2nd period - Snap shot by Shawn Horcoff.
9:36 of 2nd period - Stopped by Henrik Lundqvist with a rebound.
9:38 of 2nd period - Slapshot by Keith Aulie.
9:38 of 2nd period - Stopped by Henrik Lundqvist without a rebound.
9:39 of 2nd period - Patrice Bergeron wins face-off versus Sidney Crosby in Rangers zone.
10:04 of 2nd period - Staffan Kronwall is hit by Keith Aulie and loses puck.
10:17 of 2nd period - Minor Penalty to Bryan Young for High sticking.
10:18 of 2nd period - Sidney Crosby wins face-off versus Chris Bourque in Rangers zone.
10:43 of 2nd period - Oliver Ekman-Larsson is hit by Cam Barker.
11:41 of 2nd period - Marian Hossa is hit by Stephen Weiss and loses puck.
12:17 of 2nd period - Penalty to Bryan Young is over, Bryan Young is back on ice.
12:28 of 2nd period - Slapshot by Ryan Suter.
12:28 of 2nd period - Shot Misses the Net.
12:30 of 2nd period - Wrist shot by Mike Cammalleri.
12:30 of 2nd period - Stopped by Antti Niemi with a rebound.
12:32 of 2nd period - Snap shot by Bryan Young.
12:32 of 2nd period - Shot Misses the Net.
12:36 of 2nd period - Snap shot by Valtteri Filppula.
12:36 of 2nd period - Shot Misses the Net.
12:38 of 2nd period - Slapshot by Valtteri Filppula.
12:38 of 2nd period - Shot Misses the Net.
12:42 of 2nd period - Wrist shot by Valtteri Filppula.
12:42 of 2nd period - Shot Misses the Net.
12:46 of 2nd period - Wrist shot by Valtteri Filppula.
12:46 of 2nd period - Stopped by Antti Niemi with a rebound.
12:48 of 2nd period - Snap shot by Mike Cammalleri.
12:48 of 2nd period - Deflect By Valtteri Filppula.
12:48 of 2nd period - Goal by Valtteri Filppula - Panthers : 3 - Rangers : 1.
12:49 of 2nd period - Patrice Bergeron wins face-off versus Guillaume Latendresse in neutral zone.
13:04 of 2nd period - Wrist shot by Patrice Bergeron.
13:04 of 2nd period - Stopped by Antti Niemi with a rebound.
13:10 of 2nd period - Minor Penalty to Sidney Crosby for Diving.
13:11 of 2nd period - Ryan Bayda wins face-off versus Patrice Bergeron in Panthers zone.
13:36 of 2nd period - Matthew Spiller is hit by Mike Cammalleri and loses puck.
13:41 of 2nd period - Wrist shot by Jakob Silfverberg.
13:41 of 2nd period - Stopped by Antti Niemi without a rebound.
13:42 of 2nd period - Ryan Bayda wins face-off versus Stephen Weiss in Panthers zone.
14:05 of 2nd period - Snap shot by Jakob Silfverberg.
14:05 of 2nd period - Shot Blocked by Keith Aulie.
14:07 of 2nd period - Wrist shot by Mike Cammalleri.
14:07 of 2nd period - Stopped by Antti Niemi with a rebound.
14:09 of 2nd period - Wrist shot by Mike Cammalleri.
14:09 of 2nd period - Stopped by Antti Niemi with a rebound.
14:11 of 2nd period - Snap shot by Matt Greene.
14:11 of 2nd period - Shot Misses the Net.
14:13 of 2nd period - Slapshot by Mike Cammalleri.
14:13 of 2nd period - Rangers goal is going for a video replay.
14:13 of 2nd period - The goal is good.
14:13 of 2nd period - Goal by Mike Cammalleri - Panthers : 3 - Rangers : 2.
14:14 of 2nd period - Sidney Crosby wins face-off versus Patrice Bergeron in neutral zone.
14:41 of 2nd period - Sergei Samsonov is hit by Mike Cammalleri and loses puck.
16:41 of 2nd period - Snap shot by Jeff Tambellini.
16:41 of 2nd period - Stopped by Henrik Lundqvist with a rebound.
16:43 of 2nd period - Backhand shot by Guillaume Latendresse.
16:43 of 2nd period - Stopped by Henrik Lundqvist with a rebound.
16:45 of 2nd period - Slapshot by Oliver Ekman-Larsson.
16:45 of 2nd period - Stopped by Henrik Lundqvist with a rebound.
16:47 of 2nd period - Snap shot by Sidney Crosby.
16:47 of 2nd period - Stopped by Henrik Lundqvist without a rebound.
16:48 of 2nd period - Sidney Crosby wins face-off versus Stephen Weiss in Rangers zone.
16:49 of 2nd period - Backhand shot by Marian Hossa.
16:49 of 2nd period - Stopped by Henrik Lundqvist without a rebound.
16:50 of 2nd period - Sidney Crosby wins face-off versus Mike Cammalleri in Rangers zone.
17:06 of 2nd period - Mike Cammalleri is hit by Keith Aulie and loses puck.
17:22 of 2nd period - Minor Penalty to Darren Reid for Holding.
17:23 of 2nd period - Chris Bourque wins face-off versus Sidney Crosby in Rangers zone.
17:23 of 2nd period - Chris Bourque is hit by Guillaume Latendresse.
19:22 of 2nd period - Penalty to Darren Reid is over, Darren Reid is back on ice.
19:28 of 2nd period - Stephen Weiss is hit by Oliver Ekman-Larsson and loses puck.
19:35 of 2nd period - Snap shot by Jeff Tambellini.
19:35 of 2nd period - Stopped by Henrik Lundqvist with a rebound.
19:37 of 2nd period - Wrist shot by Alexander Perezhogin.
19:37 of 2nd period - Stopped by Henrik Lundqvist with a rebound.
19:47 of 2nd period - Matt Greene is hit by Mike Fisher and loses puck.
19:58 of 2nd period - Snap shot by Ryan Suter.
19:58 of 2nd period - Deflect By Nick Schultz.
19:58 of 2nd period - Stopped by Antti Niemi with a rebound.
Goals for this period are 1 for Panthers vs 2 for Rangers.
Shots for this period are 15 for Panthers vs 16 for Rangers.
3rd period
0:01 of 3rd period - Darren Reid wins face-off versus Sidney Crosby in neutral zone.
0:16 of 3rd period - Snap shot by Guillaume Latendresse.
0:16 of 3rd period - Shot Blocked by Cam Barker.
0:23 of 3rd period - Icing by Patrice Bergeron.
0:24 of 3rd period - Scott Gomez wins face-off versus Patrice Bergeron in Rangers zone.
0:35 of 3rd period - Snap shot by Peter Prucha.
0:35 of 3rd period - Stopped by Henrik Lundqvist with a rebound.
0:37 of 3rd period - Snap shot by Scott Gomez.
0:37 of 3rd period - Shot Misses the Net.
0:39 of 3rd period - Slapshot by Keith Aulie.
0:39 of 3rd period - Stopped by Henrik Lundqvist with a rebound.
1:13 of 3rd period - Slapshot by Matthew Spiller.
1:13 of 3rd period - Shot Blocked by Matt Greene.
1:29 of 3rd period - Minor Penalty to Gustav Nyquist for Roughing.
1:30 of 3rd period - Chris Bourque wins face-off versus Sidney Crosby in Rangers zone.
1:33 of 3rd period - Snap shot by Sidney Crosby.
1:33 of 3rd period - Stopped by Henrik Lundqvist without a rebound.
1:34 of 3rd period - Sidney Crosby wins face-off versus Chris Bourque in Rangers zone.
1:35 of 3rd period - Wrist shot by Guillaume Latendresse.
1:35 of 3rd period - Stopped by Henrik Lundqvist with a rebound.
1:37 of 3rd period - Slapshot by Marian Hossa.
1:37 of 3rd period - Shot Blocked by Patrice Bergeron.
2:08 of 3rd period - Icing by Oliver Ekman-Larsson.
2:09 of 3rd period - Scott Gomez wins face-off versus Chris Bourque in Panthers zone.
2:22 of 3rd period - Snap shot by Marian Hossa.
2:22 of 3rd period - Stopped by Henrik Lundqvist without a rebound.
2:23 of 3rd period - Sidney Crosby wins face-off versus Stephen Weiss in Rangers zone.
3:29 of 3rd period - Penalty to Gustav Nyquist is over, Gustav Nyquist is back on ice.
3:35 of 3rd period - Wrist shot by Gustav Nyquist.
3:35 of 3rd period - Shot Blocked by Oliver Ekman-Larsson.
3:37 of 3rd period - Wrist shot by Nick Foligno.
3:37 of 3rd period - Shot Blocked by Alexander Perezhogin.
3:39 of 3rd period - Snap shot by Artem Anisimov.
3:39 of 3rd period - Shot Misses the Net.
4:30 of 3rd period - Wrist shot by Jeff Tambellini.
4:30 of 3rd period - Shot Misses the Net.
4:32 of 3rd period - Minor Penalty to Artem Anisimov for Interference.
4:33 of 3rd period - Chris Bourque wins face-off versus Sidney Crosby in Rangers zone.
6:27 of 3rd period - Ryan Suter is hit by Marian Hossa and loses puck.
6:32 of 3rd period - Penalty to Artem Anisimov is over, Artem Anisimov is back on ice.
6:44 of 3rd period - Slapshot by Gustav Nyquist.
6:44 of 3rd period - Shot Misses the Net.
8:42 of 3rd period - Chris Bourque is hit by Mike Fisher and loses puck.
8:53 of 3rd period - Minor Penalty to Nick Schultz for Roughing.
8:54 of 3rd period - Guillaume Latendresse wins face-off versus Patrice Bergeron in Panthers zone.
9:27 of 3rd period - Sergei Samsonov is hit by Cam Barker and loses puck.
10:32 of 3rd period - Matthew Spiller is hit by Jakob Silfverberg and loses puck.
10:53 of 3rd period - Penalty to Nick Schultz is over, Nick Schultz is back on ice.
11:18 of 3rd period - Matt Read is hit by Keith Ballard and loses puck.
12:17 of 3rd period - Mike Cammalleri is hit by Scott Gomez and loses puck.
13:04 of 3rd period - Jakob Silfverberg is hit by Scott Gomez and loses puck.
13:39 of 3rd period - Snap shot by Ryan Bayda.
13:39 of 3rd period - Shot Blocked by Gustav Nyquist.
14:38 of 3rd period - Wrist shot by Artem Anisimov.
14:38 of 3rd period - Shot Misses the Net.
14:44 of 3rd period - Wrist shot by Scott Gomez.
14:44 of 3rd period - Stopped by Henrik Lundqvist without a rebound.
14:45 of 3rd period - Sidney Crosby wins face-off versus Stephen Weiss in Rangers zone.
14:50 of 3rd period - Snap shot by Guillaume Latendresse.
14:50 of 3rd period - Shot Blocked by Stephen Weiss.
15:13 of 3rd period - Darren Reid is hit by Jeff Tambellini and loses puck.
15:21 of 3rd period - Minor Penalty to Mark Fistric for Hooking.
15:22 of 3rd period - Chris Bourque wins face-off versus Sidney Crosby in Rangers zone.
15:54 of 3rd period - Slapshot by Peter Prucha.
15:54 of 3rd period - Stopped by Henrik Lundqvist without a rebound.
15:55 of 3rd period - Scott Gomez wins face-off versus Chris Bourque in Rangers zone.
16:04 of 3rd period - Snap shot by Scott Gomez.
16:04 of 3rd period - Shot Blocked by Patrice Bergeron.
16:31 of 3rd period - Off-side.
16:32 of 3rd period - Scott Gomez wins face-off versus Stephen Weiss in neutral zone.
16:35 of 3rd period - Slapshot by Steve Montador.
16:35 of 3rd period - Stopped by Henrik Lundqvist without a rebound.
16:36 of 3rd period - Chris Bourque wins face-off versus Scott Gomez in Rangers zone.
17:21 of 3rd period - Penalty to Mark Fistric is over, Mark Fistric is back on ice.
17:39 of 3rd period - Stephen Weiss is hit by Alexander Perezhogin and loses puck.
18:02 of 3rd period - Snap shot by Mike Fisher.
18:02 of 3rd period - Shot Misses the Net.
18:04 of 3rd period - Snap shot by Mike Fisher.
18:04 of 3rd period - Stopped by Henrik Lundqvist without a rebound.
18:05 of 3rd period - Sidney Crosby wins face-off versus Patrice Bergeron in Rangers zone.
18:06 of 3rd period - Wrist shot by Guillaume Latendresse.
18:06 of 3rd period - Goal by Guillaume Latendresse - Panthers : 4 - Rangers : 2.
18:07 of 3rd period - Valtteri Filppula wins face-off versus Shawn Horcoff in neutral zone.
18:09 of 3rd period - Cam Barker is hit by Oliver Ekman-Larsson and loses puck.
18:55 of 3rd period - Ryan Suter is hit by Ryan Bayda and loses puck.
19:32 of 3rd period - Backhand shot by Valtteri Filppula.
19:32 of 3rd period - Stopped by Antti Niemi without a rebound.
19:33 of 3rd period - Matt Read wins face-off versus Sidney Crosby in Panthers zone.
Goals for this period are 1 for Panthers vs 0 for Rangers.
Shots for this period are 10 for Panthers vs 1 for Rangers.
Back to the Top